 Dungeon Crawl Stone Soup version 0.26-a0-1132-ge9770dfcb6 (webtiles) character file.

Game seed: 8908449409358012903

1783 sahdkjhfkaj the Thaumaturge (level 8, 0/37 HPs)
             Began as a Spriggan Enchanter on Dec 19, 2020.
             Was an Initiate of Dithmenos.
             Killed by divine providence
             ... invoked by an orc priest
              (10 damage)
             ... on level 7 of the Dungeon.
             The game lasted 00:22:39 (11375 turns).

sahdkjhfkaj the Thaumaturge (Spriggan Enchanter)   Turns: 11375, Time: 00:22:40

Health: 0/37       AC:  2    Str:  4    XL:     8   Next: 81%
Magic:  7/21       EV: 18    Int: 19    God:    Dithmenos [......]
Gold:   385        SH:  5    Dex: 16    Spells: 17/23 levels left

rFire    . . .     SeeInvis +   a - +1 dagger
rCold    . . .     Faith    .   (shield restricted)
rNeg     . . .     Spirit   .   r - +0 robe (curse)
rPois    .         Reflect  +   (helmet restricted)
rElec    .         Harm     .   (no cloak)
rCorr    .         Rampage  .   (gloves unavailable)
Will     +....                  (boots unavailable)
Stlth    +++.......             p - amulet of reflection
HPRegen  0.12/turn              (no ring)
MPRegen  0.17/turn              (no ring)

@: very quick
A: very small, unfitting armour, see invisible, speed 3
a: Renounce Religion


You were on level 7 of the Dungeon.
You worshipped Dithmenos.
Dithmenos was noncommittal.
You visited 2 branches of the dungeon, and saw 8 of its levels.

You collected 385 gold pieces.

Inventory:

Hand Weapons
 a - a +1 dagger (weapon)
Missiles
 d - 191 stones
Armour
 b - a +0 robe
 h - a +0 buckler
 r - a cursed +0 robe (worn)
Jewellery
 p - an amulet of reflection (around neck)
 s - an uncursed ring of see invisible {unknown}
 y - an uncursed amulet of faith {unknown}
Wands
 u - a wand of digging (6)
 w - a wand of flame (41)
Scrolls
 c - 3 scrolls of remove curse
 e - 2 scrolls of enchant weapon
 m - 2 scrolls of blinking
 n - a scroll of fog
 o - a scroll of amnesia
 v - a scroll of fear {unknown}
 z - a scroll of random uselessness {unknown}
 C - a scroll of holy word
Potions
 f - a potion of might {unknown}
 g - 2 potions of attraction {unknown}
 i - 3 potions of lignification {unknown}
 j - a potion of brilliance {unknown}
 k - 2 potions of mutation {unknown}
 l - 4 potions of curing
 q - a potion of haste {unknown}
 t - a potion of degeneration {unknown}
 x - a potion of cancellation {unknown}
 B - 2 potions of berserk rage {unknown}


   Skills:
 + Level 1.1 Fighting
 - Level 5.0 Short Blades
 - Level 3.0 Dodging
 - Level 4.4 Stealth
 - Level 5.0 Shields
 - Level 8.0 Spellcasting
 - Level 5.0 Hexes
 - Level 1.0 Ice Magic
 - Level 4.0 Evocations


You had 17 spell levels left.
You knew the following spells:

 Your Spells              Type           Power        Failure   Level
a - Corona                Hex            28%          1%          1
b - Ensorcelled Hibernat  Hex/Ice        38%          4%          2
N - Confusing Touch       Hex            26%          3%          3

Your spell library contained the following spells:

 Spells                   Type           Power        Failure   Level
 Tukima's Dance           Hex            26%          3%          3
 Dazzling Flash           Conj/Hex       34%          10%         3


Dungeon Overview and Level Annotations

Branches:
Dungeon (7/15)             Temple (1/1) D:7

Altars:
Ashenzari
Cheibriados
Dithmenos
Elyvilon
Fedhas
Gozag
Hepliaklqana
Kikubaaqudgha
Makhleb
Nemelex Xobeh
Okawaru
Qazlal
Ru
Sif Muna
Trog
Uskayaw
Vehumet
Wu Jian
Xom
Yredelemnul
Zin
The Shining One

Shops:
D:7 =


Innate Abilities, Weirdness & Mutations

You are very small and have problems with some larger weapons.
You are too small for most types of armour.
You have supernaturally acute eyesight. (SInv)
You cover ground extremely quickly.


Message History

Unknown command.
Aiming: Ensorcelled Hibernation (safe; 4% risk of failure)
Press: ? - help, Q - select action, (/) - cycle Shift-Dir - straight line, f/p - orc priest
Aim: an orc priest, wielding a +0 falchion and wearing a +0 leather armour (chance to affect: 50%)
The orc priest looks drowsy...
Unknown command.
The helpless orc priest fails to defend itself.
You impale the orc priest!!
You kill the orc priest!
Dithmenos accepts your kill.
Training target 5.0 for Shields reached!
Your Shields skill increases to level 5!
You need to enable at least one skill for training.
Aiming: Ensorcelled Hibernation (safe; 4% risk of failure)
Press: ? - help, Q - select action, (/) - cycle Shift-Dir - straight line, f - orc priest
Aim: an orc priest, wielding a +0 whip and wearing a +0 leather armour (chance to affect: 50%)
The orc priest resists with some effort.
The orc priest calls down the wrath of Beogh upon you.
Beogh smites you!
You die...

..#
########.###.)######
#.. .......)....)..#
#.. ..........#.##)#
##.########'###(##.#
.# #∩# #.##.# .#
#'###.##.#
#..##.##.#
##.##.##.####
#.##.@)o...#
#####.#####.##.#
#.........#.##.# #
#.###..........#
#.#.#.#o##.#
#.#[#o#.# #
#.#>#.#o# .........
..#.#....


You could see an orc priest.

Vanquished Creatures
  3 ice beasts
  An ogre (D:4)
  An orc warrior (D:7)
  2 phantoms (D:4)
  2 centaurs
  A bullfrog (D:6)
  A scorpion (D:5)
  2 howler monkeys
  2 hounds (D:4)
  A jelly (D:5)
  A bullfrog skeleton (D:5)
  3 orc priests
  7 orc wizards
  An iguana (D:4)
  2 worker ants
  A killer bee zombie (D:6)
  A hound skeleton (D:5)
  7 gnolls (D:5)
  7 adders
  3 shadow imps
  2 white imps
  An ufetubus (D:7)
  A worm (D:4)
  A dart slug (D:4)
  6 leopard geckos
  21 orcs
  A ball python (D:4)
  7 bats
  A giant cockroach (D:4)
  9 goblins
  10 hobgoblins
  2 jackals (D:1)
  3 kobolds
  5 quokkas
  4 frilled lizards
  A leopard gecko zombie (D:5)
  A quokka skeleton (D:2)
  11 rats
136 creatures vanquished.

Notes
Turn   | Place    | Note
-------+----------+-------------------------------------------
     0 | D:1      | sahdkjhfkaj the Spriggan Enchanter began the quest for the
                  | Orb.
     0 | D:1      | Reached XP level 1. HP: 9/9 MP: 5/5
   225 | D:1      | Reached skill level 1 in Fighting
   329 | D:1      | Reached XP level 2. HP: 14/14 MP: 6/6
   348 | D:1      | Learned a level 2 spell: Ensorcelled Hibernation
  1026 | D:1      | Reached skill level 1 in Ice Magic
  1289 | D:2      | Reached XP level 3. HP: 18/18 MP: 2/8
  1391 | D:2      | Reached skill level 3 in Spellcasting
  1535 | D:2      | Reached skill level 1 in Evocations
  1573 | D:2      | Reached XP level 4. HP: 22/22 MP: 1/10
  2282 | D:3      | Reached skill level 4 in Spellcasting
  3705 | D:4      | Reached XP level 5. HP: 25/25 MP: 9/12
  3795 | D:3      | Reached skill level 5 in Spellcasting
  4662 | D:4      | Reached XP level 6. HP: 30/30 MP: 7/14
  4830 | D:4      | Reached skill level 5 in Hexes
  4928 | D:3      | Learned a level 3 spell: Confusing Touch
  5124 | D:4      | Reached skill level 1 in Shields
  6711 | D:4      | Found a bloodstained altar of Trog.
  6758 | D:4      | Reached XP level 7. HP: 33/33 MP: 14/16
  7057 | D:4      | Reached skill level 6 in Spellcasting
  7360 | D:5      | Entered Level 5 of the Dungeon
  8338 | D:5      | Reached skill level 5 in Short Blades
  8488 | D:5      | Reached XP level 8. HP: 28/37 MP: 10/18
  8988 | D:6      | Reached skill level 7 in Spellcasting
  9122 | D:6      | Found a radiant altar of Vehumet.
 10113 | D:6      | Found an ancient bone altar of Kikubaaqudgha.
 10220 | D:7      | Reached skill level 8 in Spellcasting
 10289 | D:7      | Found a staircase to the Ecumenical Temple.
 10311 | Temple   | Entered the Ecumenical Temple
 10634 | Temple   | Became a worshipper of Dithmenos the Shadowed
 10894 | D:7      | Found Pexkig's Jewellery Boutique.
 11375 | D:7      | Reached skill level 5 in Shields
 11375 | D:7      | Killed from afar by an orc priest

Illustrated notes

Levels and vault maps discovered:
D:1:      minmay_arrival_split_and_join, layout_loops_cross
D:2:      layout_basic
D:3:      layout_loops_ring, hangedman_abyss_or_decor_lesser_grid
D:4:      minmay_wonky_spiral, layout_basic, minmay_misc_feat_encased,
          chequers_decorated_corner, grunt_ministairs_10, trog_book
D:5:      layout_gridville, kennysheep_generic_room_6
D:6:      layout_basic, vehumet_altar_wand_db, basic_altar,
          corexii_item_surrounded_by_moat, nrook_uturn
D:7:      layout_loops_ring, minmay_temple_entry_statues_fountains, basic_altar,
          serial_shops, kennysheep_mini, kennysheep_minor_cross, uniq_menkaure,
          uniq_prince_ribbit1
Temple:   nicolae_temple_the_god_donut

Skill      XL: |  1  2  3  4  5  6  7  8 |
---------------+-------------------------+-----
Fighting       | 1 |  1.1
Short Blades   | 2 3 5 |  5.0
Ice Magic      | 1 |  1.0
Hexes          | 4 5 |  5.0
Spellcasting   | 3 4 5 6 8 |  8.0
Evocations     | 2 3 4 |  4.0
Shields        | 2 3 5 |  5.0
Dodging        | |  3.0
Stealth        | |  4.4

Action                   |  1- 3 |  4- 6 |  7- 9 || total
-------------------------+-------+-------+-------++-------
Melee: Dagger            |    74 |   236 |   180 ||   490
Throw: Stone             |       |     8 |    11 ||    19
 Cast: Corona            |     3 |     1 |       ||     4
       Ensorcelled Hiber |    19 |    77 |    53 ||   149
       Confusing Touch   |       |    11 |    14 ||    25
  Use: Scroll            |       |     4 |     5 ||     9
       Potion            |       |       |     1 ||     1
 Stab: Sleeping          |    23 |    37 |    37 ||    97
       Confused          |       |    11 |    16 ||    27
Armor: Robe              |     4 |    14 |     5 ||    23
Dodge: Dodged            |    50 |   162 |    93 ||   305
Block: Other             |       |    23 |    36 ||    59
       Reflection        |       |       |     2 ||     2

Table legend: (Time is in decaauts)
 A = Elapsed time spent in this place.
 B = Non-inter-level travel time spent in this place.
 C = Inter-level travel time spent in this place.
 D = Time resting spent in this place.
 E = Time spent auto-exploring this place.
 F = Levels seen in this place.
 G = Mean time per level.
                   A        B        C        D        E       F      G
               +--------+--------+--------+--------+--------+-----+--------+
         Total |   9322 |   9040 |    282 |   2781 |   4964 |   8 | 1165.2 |
       Dungeon |   9083 |   8826 |    257 |   2781 |   4753 |   7 | 1297.6 |
        Temple |    239 |    214 |     25 |      0 |    211 |   1 |  239.0 |
               +--------+--------+--------+--------+--------+-----+--------+

Top non-repeatable levels by time:
     D:3: 2595 daAuts
     D:4: 1868 daAuts
     D:6: 1150 daAuts
     D:5: 1144 daAuts
     D:2: 1013 daAuts
     D:1: 794 daAuts
     D:7: 517 daAuts
  Temple: 239 daAuts
